 Dungeon Crawl Stone Soup version 0.18.1-50-g88ac8fd (webtiles) character file.

958 magog001 the Vandal (level 7, 0/59 HPs)
             Began as a Centaur Hunter on July 16, 2017.
             Succumbed to magog001's ghost's sting
             ... on level 4 of the Dungeon.
             The game lasted 00:25:35 (4769 turns).

magog001 the Vandal (Centaur Hunter)                Turns: 4769, Time: 00:25:35

Health: 0/59       AC:  9    Str: 14 (15) XL:     7   Next: 91%
Magic:  7/7        EV:  9    Int: 10      God:
Gold:   149        SH:  0    Dex:  9 (11) Spells: 0 memorised, 6 levels left

rFire  . . .     SeeInvis .     y - +2 whip (freeze)
rCold  . . .     Gourm    .     g - +0 ring mail
rNeg   . . .     Faith    .     (no shield)
rPois  .         Spirit   .     r - +0 helmet
rElec  .         Dismiss  .     (no cloak)
rCorr  .         Reflect  .     w - +0 pair of gloves
SustAt .         Harm     .     (no barding)
MR     .....                    (no amulet)
Stlth  ..........               (no ring)
                                u - +2 ring of dexterity

@: lethally poisoned (0 -> -12), very quick, not resistant to hostile
enchantments, extremely unstealthy
A: hooves 3, deformed body, speed 2, sense surroundings 1, shaggy fur 1, tough
skin 3, weak 1
a: no special abilities


You were on level 4 of the Dungeon.
You were not hungry.

You visited 1 branch of the dungeon, and saw 4 of its levels.

You collected 149 gold pieces.

Inventory:

Hand Weapons
 a - a +1 hunting sling
 b - a +0 short sword
 y - a +2 whip of freezing (weapon)
 G - a cursed -2 whip
Missiles
 d - 15 sling bullets
 e - 87 arrows
 h - 46 stones
 k - 7 javelins of returning (quivered)
 l - 4 tomahawks of returning
 m - 4 tomahawks
 v - 50 bolts
 x - 27 poisoned needles
Armour
 c - a +0 leather armour
 g - a +0 ring mail (worn)
 r - a +0 helmet (worn)
 w - a +0 pair of gloves (worn)
Jewellery
 u - a +2 ring of dexterity (left hand)
Scrolls
 i - a scroll of teleportation
 s - 3 scrolls of remove curse
 t - 2 scrolls of fog
 C - 3 scrolls of identify
Potions
 o - 2 potions of lignification
 p - 2 potions of magic
 q - a potion of resistance
 A - 2 potions of degeneration
 D - 2 potions of haste
Comestibles
 f - 4 bread rations
 z - 5 fruits
 B - 2 meat rations


   Skills:
 * Level 4.0 Fighting
 + Level 2.2 Maces & Flails
 + Level 7.1(7.4) Slings
 * Level 3.3(5.6) Throwing
 + Level 2.4 Armour
 + Level 2.7 Dodging
 + Level 0.8 Stealth


You had 6 spell levels left.
You didn't know any spells.

Dungeon Overview and Level Annotations

Branches:
Dungeon (4/15)
 Temple: D:4-7

Altars:
Okawaru
Pakellas
Qazlal


Innate Abilities, Weirdness & Mutations

You have hooves in place of feet.
Armour fits poorly on your strangely shaped body.
You cover ground very quickly.
You have extremely tough skin (AC +3).
You passively map a small area around you.
You are covered in fur (AC +1).
You are weak. (Str -2)


Message History

You are more poisoned.
* * * LOW HITPOINT WARNING * * *
There is a stone staircase leading up here.
* * * LOW HITPOINT WARNING * * *
You feel sick. Magog001's ghost casts a spell at you. The sting hits you!
You are more poisoned.
* * * LOW HITPOINT WARNING * * *
You feel sick. Magog001's ghost completely misses you.
You hit magog001's ghost but do no damage.
Magog001's ghost is almost destroyed.
* * * LOW HITPOINT WARNING * * *
You feel sick. Magog001's ghost hits you.
* * * LOW HITPOINT WARNING * * *
You whack magog001's ghost! You freeze magog001's ghost.
You destroy magog001's ghost!
Your Fighting skill increases to level 4!
You feel your dexterity returning.
You die...

....#...............#.#.
* *
....#######.#.........'.
, ...## #.####..###.'. ,
..## #####.# #..# .##
#.....####..# ##
#.####......# * *' #
#.###...##<### *
#.#..........# * ##
#.#.#...##@#.#
.######.#.##.###.#.#
..W...W.#.##.# #.#.# ,*
†########.##.###.#.# #
..W..<...........#.##.#
#########..#..........#
#..#.#####.####
#.....####.#
#..........#


There were no monsters in sight!

Vanquished Creatures
  Grinder (D:3)
  The ghost of magog001 the Stinger, an amateur MfVM (D:4)
  An ice beast (D:3)
  A phantom (D:4)
  An ogre (D:4)
  2 hounds (D:4)
  An iguana (D:4)
  2 worker ants (D:4)
  3 gnolls (D:4)
  4 adders
  4 dart slugs
  3 giant geckos
  7 orcs (D:3)
  7 bats
  5 giant cockroaches
  8 goblins
  5 hobgoblins
  10 jackals
  9 kobolds
  A quokka (D:3)
  4 ball pythons
  2 giant newts
  7 rats
89 creatures vanquished.

Notes
Turn   | Place    | Note
--------------------------------------------------------------
     0 | D:1      | magog001 the Centaur Hunter began the quest for the Orb.
     0 | D:1      | Reached XP level 1. HP: 17/17 MP: 1/1
   490 | D:1      | Reached XP level 2. HP: 24/24 MP: 2/2
  1032 | D:1      | Reached skill level 1 in Throwing
  1067 | D:1      | Reached skill level 5 in Slings
  1261 | D:2      | Reached XP level 3. HP: 29/29 MP: 3/3
  1403 | D:2      | Found an oddly glowing altar of Pakellas.
  1403 | D:2      | Found an iron altar of Okawaru.
  1998 | D:2      | Reached XP level 4. HP: 32/37 MP: 4/4
  2377 | D:3      | Noticed Grinder
  2400 | D:3      | Paralysed by Grinder for 2 turns
  2421 | D:3      | Killed Grinder
  2421 | D:3      | Reached skill level 6 in Slings
  2421 | D:3      | Reached XP level 5. HP: 28/44 MP: 5/5
  2421 | D:3      | Reached XP level 6. HP: 32/50 MP: 6/6
  2856 | D:3      | Gained mutation: You are covered in fur (AC +1). [potion of mutation]
  2856 | D:3      | Gained mutation: You passively map a small area around you. [potion of mutation]
  2856 | D:3      | Gained mutation: You are weak. (Str -2) [potion of mutation]
  2876 | D:3      | Noticed an ice beast
  2903 | D:3      | Killed an ice beast
  2903 | D:3      | Reached skill level 1 in Maces & Flails
  2903 | D:3      | Reached skill level 1 in Armour
  2915 | D:3      | Found a stormy altar of Qazlal.
  3408 | D:4      | Noticed magog001's ghost (amateur MfVM)
  3738 | D:4      | Reached XP level 7. HP: 34/57 MP: 7/7
  3857 | D:4      | Reached skill level 7 in Slings
  4768 | D:4      | HP: 2/58 [magog001's ghost (3)]
  4769 | D:4      | Killed magog001's ghost
  4769 | D:4      | Succumbed to magog001's ghost's sting

Skill      XL: |  1  2  3  4  5  6  7 |
---------------+----------------------+-----
Throwing       | 1 2 3 |  3.3
Slings         | 5 6 7 |  7.1
Dodging        | 2 |  2.7
Fighting       | 3 4 |  4.0
Maces & Flails | 1 2 |  2.2
Armour         | 1 2 |  2.4
Stealth        | |  0.8

Action                   |  1- 3 |  4- 6 |  7- 9 || total
-------------------------+-------+-------+-------++-------
Melee: Whip              |    18 |   144 |   112 ||   274
       Kick              |       |    28 |    24 ||    52
 Fire: Hunting sling     |    88 |    20 |       ||   108
Throw: Javelin           |       |    11 |     6 ||    17
  Use: Potion            |       |     6 |     2 ||     8
       Scroll            |       |     7 |       ||     7
  Eat: Chunk             |     2 |     3 |       ||     5
       Meat ration       |       |     1 |       ||     1
Armor: Leather armour    |     6 |       |       ||     6
       Ring mail         |    14 |    66 |    60 ||   140
       Skin              |       |    10 |       ||    10
Dodge: Dodged            |    31 |    66 |    25 ||   122
